[Event "*** Titled Tuesday Blitz"]
[Site "Chess.com"]
[Date "2018.12.04"]
[Round "8"]
[White "pedroholly22"]
[Black "saraswathii"]
[Result "1-0"]
[WhiteElo "2221"]
[BlackElo "2244"]
[TimeControl "180+2"]
[EndTime "14:48:29 PST"]
[Termination "pedroholly22 won by resignation"]

1. e4 c5 2. Nf3 e6 3. d4 cxd4 4.
Nxd4 Nf6 5. Nc3 Nc6 6. Nxc6 bxc6 7. e5 Nd5 8. Ne4 f5 9. exf6 Nxf6 10. Bd3 Qa5+ 11.
Bd2 Qb6 12. Nxf6+ gxf6 13. Qh5+ Kd8 14. O-O a5 15. Bc3 Be7 16. Qf7 Rf8 17. Qxh7 Ba6 18.
Bxa6 Rxa6 19. Rad1 Qc5 20. Rfe1 Kc7 21. Bd4 Qd6 22.
Be3 Qb4 23. c3 1-0

[Event "*** Titled Tuesday Blitz"]
[Site "Chess.com"]
[Date "2018.12.04"]
[Round "8"]
[White "Quiet_Desperation"]
[Black "JSMastropiero"]
[Result "1-0"]
[WhiteElo "2161"]
[BlackElo "2154"]
[TimeControl "180+2"]
[EndTime "14:48:45 PST"]
[Termination "Quiet_Desperation won by checkmate"]

1. e4 e5 2. Nf3 Nc6 3. Bc4 Nf6 4. d4 exd4 5. e5 d5 6. Bb5 Nd7 7. O-O Be7 8. Bxc6 bxc6 9. Nxd4 Nb8 10. f4 c5 11. Nb3 c4 12. Nd4 c5 13. Nb5 O-O 14. f5 a6 15. N5c3 d4 16. Ne4 Bb7 17. Qg4 f6 18.
Bh6 Rf7 19. e6 Kh8 20. exf7 gxh6 21. Nbd2 Qd5 22. Qg8# 1-0

[Event "*** Titled Tuesday Blitz"]
[Site "Chess.com"]
[Date "2018.12.04"]
[Round "8"]
[White "realcontender"]
[Black "TheMagician"]
[Result "0-1"]
[WhiteElo "2102"]
[BlackElo "2260"]
[TimeControl "180+2"]
[EndTime "14:48:46 PST"]
[Termination "TheMagician won by resignation"]

1. d4 Nf6 2. c4 c5 3. d5 b5 4.
cxb5 a6 5. bxa6 Bxa6 6. Nc3 d6 7.
Nf3 Nbd7 8. g3 g6 9. Bg2 Bg7 10. Rb1 O-O 11. O-O Ng4 12. Qc2 Qa5 13. Bd2 Nge5 14. Ng5 Nc4 15. Bc1 Na3 16. bxa3 Qxc3 17. Qa4 Bxe2 18. Qxd7 Bxf1 19. Bxf1 Qc2 20. Rb7 Qxc1 21.
Qxe7 Rae8 0-1

[Event "*** Titled Tuesday Blitz"]
[Site "Chess.com"]
[Date "2018.12.04"]
[Round "8"]
[White "SantoBlue"]
[Black "GhostOfGreenval"]
[Result "0-1"]
[WhiteElo "2729"]
[BlackElo "2852"]
[TimeControl "180+2"]
[EndTime "14:49:13 PST"]
[Termination "GhostOfGreenval won by resignation"]

1. e4 c6 2. d4 d5 3. Nc3 dxe4 4. Nxe4 Nf6 5. Nxf6+ exf6 6. c3 Bd6 7. Bd3 Be6 8.
Qc2 Nd7 9. h4 Qc7 10. Be3 O-O-O 11. Ne2 h6 12. O-O-O Rhe8 13. Kb1 c5 14. Be4 Kb8 15.
Rhe1 Nb6 16. dxc5 Bxc5 17. Bf4 Bd6 18. Rxd6 Rxd6 19. Nd4 a6 20. Bf3 Bxa2+ 21. Kxa2 Rxe1 22. Nf5 Qc4+ 23. Qb3 Ra1+ 24. Kxa1 Qxb3 25. Bxd6+ Ka8 26. Ba3 Nc4 27. Nd4 Qa4 0-1

[Event "*** Titled Tuesday Blitz"]
[Site "Chess.com"]
[Date "2018.12.04"]
[Round "8"]
[White "Evgeny81"]
[Black "alishersuleymenov"]
[Result "0-1"]
[WhiteElo "2550"]
[BlackElo "2493"]
[TimeControl "180+2"]
[EndTime "14:49:42 PST"]
[Termination "alishersuleymenov won by resignation"]

1. Nf3 c5 2. c4 Nc6 3. g3 g6 4. Bg2 Bg7 5. O-O e6 6. Nc3 Nge7 7. d3 O-O 8. Bg5 h6 9. Bf4 d6 10. Qc1 Kh7 11. a3 b6 12. b4 Bb7 13. Rb1 Qd7 14. Ne4 Nf5 15. g4 Nfd4 16. Nxd4 Nxd4 17. Re1 e5 18.
Bxh6 Bxe4 19. Bxg7 Kxg7 20. Bxe4 Qxg4+ 21. Kh1 Rh8 22. Rg1 Rxh2+ 0-1

[Event "*** Titled Tuesday Blitz"]
[Site "Chess.com"]
[Date "2018.12.04"]
[Round "8"]
[White "StanislavNovikov"]
[Black "Gr3egor"]
[Result "1-0"]
[WhiteElo "2511"]
[BlackElo "2497"]
[TimeControl "180+2"]
[EndTime "14:49:57 PST"]
[Termination "StanislavNovikov won by resignation"]

1. e4 e5 2. Nf3 Nc6 3. Bc4 Bc5 4. c3 Nf6 5. d3 O-O 6. Bb3 h6 7. Nbd2 d5 8. Qe2 Bg4 9. h3 Bh5 10. Nf1 dxe4 11. dxe4 Bg6 12. Ng3 Nh5 13. Nxh5 Bxh5 14. g4 Bg6 15. h4 Qd7 16. h5 Bh7 17. g5 Qg4 18. g6 Bxg6 19. hxg6 Qxg6 20. Bxh6 Rad8 21.
Be3 Be7 22. Rg1 Qh5 23. Ng5 Qh4 24. Qg4 Qxg4 25. Rxg4 Rd6 26. Ke2 Rg6 27. Nxf7 Rxg4 28. Ng5+ Rf7 29. Nxf7 Kf8 30. Rh1 Bh4 31. Bd5 Ne7 32.
Nxe5 1-0

[Event "*** Titled Tuesday Blitz"]
[Site "Chess.com"]
[Date "2018.12.04"]
[Round "8"]
[White "Jenia84"]
[Black "BvsN"]
[Result "1-0"]
[WhiteElo "2224"]
[BlackElo "2279"]
[TimeControl "180+2"]
[EndTime "14:50:16 PST"]
[Termination "Jenia84 won by checkmate"]

1. e4 c5 2. Nf3 e6 3. d4 cxd4 4. Nxd4 a6 5. Bd3 Nf6 6. Qe2 d6 7. Nc3 g6 8. Be3 Bg7 9. O-O-O O-O 10. h4 b5 11. h5 b4 12. Na4 e5 13. Nf3 Ng4 14. Nb6 Nxe3 15. Qxe3 Ra7 16. Nxc8 Rb7 17. hxg6 hxg6 18. Na7 Qe7 19. Bc4 Rxa7 20. Rxd6 Rc7 21.
Rxg6 Rfc8 22. Rxg7+ Kf8 23. Rh8+ Kxg7 24. Qh6# 1-0

[Event "*** Titled Tuesday Blitz"]
[Site "Chess.com"]
[Date "2018.12.04"]
[Round "8"]
[White "NateSolon"]
[Black "ShadowJolteon"]
[Result "0-1"]
[WhiteElo "2484"]
[BlackElo "2425"]
[TimeControl "180+2"]
[EndTime "14:50:20 PST"]
[Termination "ShadowJolteon won by resignation"]

1. e4 c6 2. Nf3 d5 3. exd5 cxd5 4. Ne5 Nf6 5. d4 g6 6. c3 Bg7 7.
Bd3 O-O 8. O-O Nc6 9. f4 Bf5 10. Bxf5 gxf5 11. Nd2 Ne4 12. Qh5 e6 13. Ndf3 Ne7 14. Ng5 Nf6 15. Qh4 h6 16. Ngf3 Ne4 17.
Be3 Ng6 18. Qe1 Rc8 19. Kh1 Ne7 20. Rg1 Kh7 21. Qh4 Ng6 22. Qh5 Nxf4 23. Qh4 Qxh4 24. Nxh4 Bxe5 25. dxe5 Nd3 0-1

[Event "*** Titled Tuesday Blitz"]
[Site "Chess.com"]
[Date "2018.12.04"]
[Round "8"]
[White "TheRigos"]
[Black "pedromartinez91"]
[Result "0-1"]
[WhiteElo "2413"]
[BlackElo "2426"]
[TimeControl "180+2"]
[EndTime "14:50:23 PST"]
[Termination "pedromartinez91 won by resignation"]

1. e4 c5 2. Nf3 Nc6 3. d4 cxd4 4. Nxd4 d5 5. Bb5 dxe4 6. Nc3 Bd7 7. Bc4 Nf6 8. O-O Rc8 9. Nxc6 Bxc6 10. Qe2 a6 11. Rd1 Qa5 12. Bf4 e6 13. h3 Qf5 14. Bh2 Bc5 15. a3 O-O 16. b4 Bb6 17. Bd6 Rfd8 18.
Rd2 e3 19. fxe3 Qg5 20. Re1 Bxg2 21. Qxg2 Bxe3+ 22. Kh1 Bxd2 23. Qxg5 Bxg5 24. Bc5 Bd2 0-1

[Event "*** Titled Tuesday Blitz"]
[Site "Chess.com"]
[Date "2018.12.04"]
[Round "8"]
[White "JonahWillow"]
[Black "jefferyx"]
[Result "0-1"]
[WhiteElo "2687"]
[BlackElo "2774"]
[TimeControl "180+2"]
[EndTime "14:50:24 PST"]
[Termination "jefferyx won by checkmate"]

1. Nc3 c5 2. Nf3 Nf6 3. d4 cxd4 4. Qxd4 Nc6 5. Qh4 e6 6. Bg5 Be7 7. e4 Qc7 8. O-O-O a6 9. Qg3 Qxg3 10. hxg3 Ng4 11. Bxe7 Kxe7 12. Rd2 b5 13. Nh2 Nf6 14. Be2 b4 15. Na4 Nxe4 16. Nb6 Rb8 17. Nxc8+ Rbxc8 18. Bxa6 Ra8 19. Re2 Rxa6 20. Rxe4 Rxa2 21. Rhe1 Rc8 22.
Nf3 d5 23. R4e2 h6 24. g4 Kd6 25. Rd1 b3 26. c3 Na5 27. Ne5 f6 28. Nd3 Nc4 29. Nb4 Ra1# 0-1

[Event "*** Titled Tuesday Blitz"]
[Site "Chess.com"]
[Date "2018.12.04"]
[Round "8"]
[White "Winehouse83"]
[Black "chidori_boruto"]
[Result "0-1"]
[WhiteElo "2442"]
[BlackElo "2563"]
[TimeControl "180+2"]
[EndTime "14:50:26 PST"]
[Termination "chidori_boruto won by resignation"]

1. d4 d5 2. c4 c6 3. Nf3 Nf6 4. Nc3 dxc4 5. a4 e6 6. g3 c5 7.
Bg2 Nc6 8. O-O cxd4 9. Nb5 e5 10. Na3 Be6 11. Qc2 Nb4 12. Qb1 Bd6 13. Bd2 Nc6 14. Rc1 Bxa3 15. Rxa3 O-O 16. Ng5 Bd5 17. Bxd5 Qxd5 18.
Qc2 h6 19. Nf3 e4 20. Ne1 Ne5 21. Bf4 Rac8 22. Qd2 c3 23. bxc3 Nc4 24. Qa2 Nxa3 25. Qxa3 dxc3 26. Rxc3 Rxc3 27. Qxc3 Qd1 28. Kg2 Nd5 29. Qd2 Nxf4+ 30. Qxf4 Qxe1 0-1

[Event "*** Titled Tuesday Blitz"]
[Site "Chess.com"]
[Date "2018.12.04"]
[Round "8"]
[White "hypert"]
[Black "sergeikim"]
[Result "1-0"]
[WhiteElo "2414"]
[BlackElo "2460"]
[TimeControl "180+2"]
[EndTime "14:50:28 PST"]
[Termination "hypert won by resignation"]

1. Nf3 Nf6 2. c4 g6 3. g3 Bg7 4. Bg2 O-O 5. O-O d6 6. Nc3 e5 7. d3 Nh5 8. Rb1 f5 9. Bd2 f4 10. e3 fxg3 11. fxg3 Bg4 12. Qb3 Bc8 13. Nh4 Nf6 14.
Bxb7 Bxb7 15. Qxb7 Nbd7 16. Nd5 Nxd5 17. Qxd5+ Kh8 18.
Rxf8+ Qxf8 19. Rf1 Nf6 20. Qc6 Qd8 21. b4 Rb8 22. b5 Rb6 23. Qf3 Rb8 24. e4 a6 25.
Bg5 axb5 26. cxb5 c6 27. bxc6 Qb6+ 28. Qf2 Qxf2+ 29. Rxf2 Ng4 30. c7 Rc8 31. Rb2 1-0

[Event "*** Titled Tuesday Blitz"]
[Site "Chess.com"]
[Date "2018.12.04"]
[Round "8"]
[White "VladimirBelous"]
[Black "Keaton87"]
[Result "1-0"]
[WhiteElo "2750"]
[BlackElo "2545"]
[TimeControl "180+2"]
[EndTime "14:50:37 PST"]
[Termination "VladimirBelous won by resignation"]

1. Nf3 Nf6 2. c4 g6 3. Nc3 Bg7 4.
e4 O-O 5. d4 d6 6. h3 e5 7. d5 Qe8 8. g3 Na6 9. Be3 Nc5 10. Nd2 a5 11. Be2 Nfd7 12. g4 Kh8 13. h4 f5 14. h5 f4 15. Bxc5 Nxc5 16. g5 f3 17. Nxf3 gxh5 18. Nh4 Qf7 19. f3 Qf4 20. Qd2 Qg3+ 21. Kd1 Bh3 22. Qe1 Qxe1+ 23. Kxe1 Bd7 24. Kd2 Be8 25. Rag1 Bg6 26. Nd1 Rf4 27. Ne3 Kg8 28. Nef5 Kf7 29. Ng2 Rxf5 30. exf5 Bxf5 31. Rxh5 e4 32.
Rf1 Bg6 33. Rh4 Bxb2 34. f4 e3+ 35. Nxe3 Ne4+ 36. Kc2 Bd4 37. f5 1-0

[Event "*** Titled Tuesday Blitz"]
[Site "Chess.com"]
[Date "2018.12.04"]
[Round "8"]
[White "Vamostodorecto"]
[Black "GreatDamnedRedSpot"]
[Result "0-1"]
[WhiteElo "2408"]
[BlackElo "2334"]
[TimeControl "180+2"]
[EndTime "14:50:53 PST"]
[Termination "GreatDamnedRedSpot won by resignation"]

1. d4 e6 2. c4 d5 3. Nc3 c6 4. e4 dxe4 5. Nxe4 Nf6 6. Nxf6+ Qxf6 7. Nf3 Bb4+ 8. Bd2 Bxd2+ 9. Qxd2 Nd7 10. Bd3 O-O 11. O-O e5 12. dxe5 Nxe5 13. Nxe5 Qxe5 14. Rfe1 Qf6 15. Qc2 g6 16. Re3 Be6 17. Rae1 Rfd8 18. Re5 Rd4 19. b3 Rad8 20. R5e3 R8d7 21. Rf3 Qd8 22.
Bf1 Rd2 23. Qb1 Bf5 24. Qa1 Rd1 25. Rfe3 Rxa1 26. Re8+ Qxe8 0-1

[Event "*** Titled Tuesday Blitz"]
[Site "Chess.com"]
[Date "2018.12.04"]
[Round "8"]
[White "ChainsOfFantasia"]
[Black "chessking2151"]
[Result "0-1"]
[WhiteElo "2383"]
[BlackElo "2554"]
[TimeControl "180+2"]
[EndTime "14:50:56 PST"]
[Termination "chessking2151 won by resignation"]

1. d4 d5 2. c4 e6 3. Nf3 Nf6 4.
Nc3 c6 5. e3 Nbd7 6. Qc2 Be7 7.
Bd3 dxc4 8. Bxc4 b5 9. Bd3 a6 10. O-O c5 11. e4 cxd4 12. e5 dxc3 13. exf6 Nxf6 14. a4 Bd7 15. axb5 Bxb5 16. Rd1 Bxd3 17. Rxd3 Qb8 18. Rxc3 O-O 19. h3 Nd5 20. Rb3 Qa7 21. Bg5 Rac8 22. Qd3 Bxg5 23. Nxg5 g6 24. Rxa6 Rc1+ 25.
Kh2 Qxf2 26. Nf3 Rc2 27. Ne1 Re2 28. Qf3 Qxe1 29. Ra7 Rf2 30. Qg3 Nf4 0-1

[Event "*** Titled Tuesday Blitz"]
[Site "Chess.com"]
[Date "2018.12.04"]
[Round "8"]
[White "eldur16"]
[Black "GMG"]
[Result "1-0"]
[WhiteElo "2659"]
[BlackElo "2677"]
[TimeControl "180+2"]
[EndTime "14:51:07 PST"]
[Termination "eldur16 won by resignation"]

1. e4 e6 2. d4 d5 3. Nc3 Bb4 4. e5 Ne7 5. a3 Bxc3+ 6. bxc3 c5 7. Nf3 Qc7 8. h4 h6 9. Bd3 c4 10. Be2 Nbc6 11. a4 f6 12. exf6 gxf6 13. Nh2 e5 14.
Bh5+ Kd8 15. Ng4 Bxg4 16. Bxg4 Qa5 17. Bd2 Kc7 18. O-O Rag8 19. Be6 Rg7 20. Re1 h5 21. Qf3 Rg6 22. Bf7 Rgh6 23. Bxh6 Rxh6 24. dxe5 fxe5 25. Rad1 e4 26. Qf4+ Rd6 27. Rxe4 Qxc3 28. Bxd5 Ng6 29. Qf7+ Rd7 30. Qxg6 Qxc2 31. Qg3+ Kb6 32. Ree1 Nb4 33.
Qe3+ 1-0

[Event "*** Titled Tuesday Blitz"]
[Site "Chess.com"]
[Date "2018.12.04"]
[Round "8"]
[White "Kimster98"]
[Black "c63_amg"]
[Result "0-1"]
[WhiteElo "2564"]
[BlackElo "2632"]
[TimeControl "180+2"]
[EndTime "14:51:07 PST"]
[Termination "c63_amg won by resignation"]

1. d4 Nf6 2. c4 e6 3. Nf3 Bb4+ 4. Bd2 Qe7 5. g3 Bxd2+ 6. Qxd2 Nc6 7. b3 d5 8. Bg2 Ne4 9. Qc2 Qb4+ 10. Nbd2 O-O 11. a3 Qa5 12. e3 Nxd2 13. Qxd2 dxc4 14. bxc4 Qh5 15. h3 e5 16. d5 e4 17. g4 Qg6 18.
Nh4 Qf6 19. dxc6 Qxa1+ 20. Qd1 Qf6 21. cxb7 Bxb7 22. Nf5 Rad8 23. Qc2 g6 24. Nd4 c5 25. Nb3 Qe5 26. O-O Rd3 27. Rb1 Rfd8 28. Bf1 h5 29.
Na5 Rd2 30. Qb3 Qf6 0-1

[Event "*** Titled Tuesday Blitz"]
[Site "Chess.com"]
[Date "2018.12.04"]
[Round "8"]
[White "BillForster"]
[Black "zeitnot2006"]
[Result "0-1"]
[WhiteElo "1727"]
[BlackElo "2097"]
[TimeControl "180+2"]
[EndTime "14:51:12 PST"]
[Termination "zeitnot2006 won by resignation"]

1. d4 d5 2. c4 c6 3. Nf3 Nf6 4. Nc3 e6 5. Bg5 Nbd7 6. e3 Qa5 7. Nd2 Bb4 8. Qc2 O-O 9. Nb3 Qa4 10. Bd3 b6 11. O-O Bxc3 12. bxc3 dxc4 13. Nd2 Qb5 14.
Bxf6 cxd3 15. c4 dxc2 16. cxb5 Nxf6 17. bxc6 Ba6 18. Rfc1 Rac8 19. Rxc2 Rc7 20. Rc3 Rfc8 21. Rac1 Bb5 22. e4 Rxc6 23. Rxc6 Rxc6 24. Rxc6 Bxc6 25. e5 Ne4 26. Nc4 Bd5 27. Nd6 Nxd6 28. exd6 Kf8 29. Kf1 Ke8 30. Ke2 Kd7 31. f3 Kxd6 32. a3 Ba2 33.
Kd3 Kd5 34. g3 Bb1+ 35. Kc3 Bg6 36. f4 f5 0-1

[Event "*** Titled Tuesday Blitz"]
[Site "Chess.com"]
[Date "2018.12.04"]
[Round "8"]
[White "Superfelix"]
[Black "BlackBoarder"]
[Result "1-0"]
[WhiteElo "2400"]
[BlackElo "2482"]
[TimeControl "180+2"]
[EndTime "14:51:21 PST"]
[Termination "Superfelix won by resignation"]

1. e4 e6 2. d4 d5 3. Nd2 c5 4. exd5 Qxd5 5. Ngf3 cxd4 6. Bc4 Qd6 7. O-O Nf6 8. Nb3 Nc6 9. Nbxd4 Nxd4 10. Qxd4 Bd7 11. Bf4 Qxd4 12. Nxd4 Bc5 13. Rad1 Ke7 14. Rfe1 Bxd4 15.
Rxd4 Rhd8 16. Bd6+ Ke8 17. Red1 Bc6 18. f3 Rd7 19.
Be5 Rad8 20. Bb3 b5 21. Kf2 a5 22. c3 Rxd4 23. Rxd4 Rxd4 24. Bxd4 Kf8 25. Bc5+ Ke8 26. Bd4 Kf8 27. Bc2 h6 28. b3 Nd5 29. a3 f6 30. c4 Ne7 31. Bb6 bxc4 32. bxc4 a4 33.
Bc5 Ke8 34. Ke3 e5 35. Kd2 Bd7 36. Bxe7 Kxe7 37. Kc3 Kd6 38. Kb4 f5 39. Bxa4 Bxa4 40. Kxa4 Kc5 41. Kb3 Kd4 42. a4 e4 43. fxe4 fxe4 44.
a5 e3 45. Kc2 1-0

[Event "*** Titled Tuesday Blitz"]
[Site "Chess.com"]
[Date "2018.12.04"]
[Round "8"]
[White "Morshynska"]
[Black "Frolik67"]
[Result "0-1"]
[WhiteElo "2062"]
[BlackElo "2625"]
[TimeControl "180+2"]
[EndTime "14:51:24 PST"]
[Termination "Frolik67 won by resignation"]

1. d4 e6 2. c4 d5 3. Nc3 f5 4. Nf3 c6 5. Ne5 Nf6 6. f4 Bd6 7.
e3 O-O 8. Be2 a5 9. O-O Nbd7 10.
Bd2 Ne4 11. Nxe4 fxe4 12. Bg4 Nxe5 13. fxe5 Rxf1+ 14. Qxf1 Be7 15. g3 Qe8 16. Qh3 Bg5 17. Rf1 Bd7 18. c5 a4 19. Qg2 Qg6 20. Qf2 h6 21. Be2 Be7 22. Kh1 Rf8 23. Qe1 Ra8 24. Qf2 Rf8 25. Qe1 Ra8 26. Qf2 Bg5 27. h4 Be7 28. Qg2 Rb8 29. Rf4 b6 30. cxb6 Rxb6 31. Bc3 Bb4 32. Bd1 Bxc3 33. bxc3 Rb1 34. Rf1 a3 35. Bb3 Rxf1+ 36. Qxf1 Qxg3 37. Qa6 Qxh4+ 38. Kg2 Qg4+ 39. Kh1 Qf3+ 40. Kh2 Qf2+ 41. Kh1 Kh7 42. Qxa3 Be8 43. Qe7 Bh5 0-1

[Event "*** Titled Tuesday Blitz"]
[Site "Chess.com"]
[Date "2018.12.04"]
[Round "8"]
[White "LuisFSiles"]
[Black "sandager"]
[Result "1-0"]
[WhiteElo "2229"]
[BlackElo "1960"]
[TimeControl "180+2"]
[EndTime "14:51:26 PST"]
[Termination "LuisFSiles won by resignation"]

1. d4 Nf6 2. c4 g6 3. Nc3 d5 4. cxd5 Nxd5 5. Bd2 Nb6 6. Nf3 Bg7 7. Bg5 O-O 8. e3 Nc6 9. Bb5 Bd7 10. O-O a6 11. Be2 Qe8 12. Ne4 h6 13. Bf4 e5 14. dxe5 Nxe5 15.
Nxe5 Bxe5 16. Bxh6 Bxb2 17. Bf3 Bg7 18. Bxg7 Kxg7 19. Qd4+ f6 20. Rac1 Bc6 21. Nd2 Rd8 22. Qc3 Bxf3 23. Nxf3 Nd5 24. Qb3 b5 25. Rfd1 Qe6 26. Nd4 Qe4 27. f3 Qxe3+ 28. Qxe3 Nxe3 29. Ne6+ Kg8 30. Rxd8 Rxd8 31. Nxd8 1-0

[Event "*** Titled Tuesday Blitz"]
[Site "Chess.com"]
[Date "2018.12.04"]
[Round "8"]
[White "nubair1198"]
[Black "LonesomeGeorge1"]
[Result "1-0"]
[WhiteElo "2615"]
[BlackElo "2429"]
[TimeControl "180+2"]
[EndTime "14:51:31 PST"]
[Termination "nubair1198 won by resignation"]

1. d4 Nf6 2. c4 g6 3. Nc3 Bg7 4. e4 d6 5. Nf3 O-O 6. Be2 Nbd7 7. O-O e5 8. Be3 Re8 9. d5 Nh5 10. Re1 Bf8 11. b4 Ng7 12. a4 f5 13. g3 Nf6 14. Qc2 Be7 15. Ng5 Rf8 16. c5 fxe4 17. Ngxe4 Ng4 18. cxd6 cxd6 19. Bd2 Bf5 20. Bf1 Nxf2 21.
Bh6 Ng4 22. Qd2 Nxh6 23. Qxh6 Qb6+ 24. Qe3 Qxb4 25. Rab1 Qa5 26. Rxb7 Bd8 27. Qh6 Bb6+ 28. Kh1 Bxe4+ 29. Nxe4 Bc7 30. Ng5 Rxf1+ 31. Rxf1 Qxd5+ 32. Rf3 Qd1+ 33. Kg2 Qe2+ 34. Kh3 Qxf3 35. Qxh7+ Kf8 36. Qh8+ Ke7 37. Qxg7+ Ke8 1-0

[Event "*** Titled Tuesday Blitz"]
[Site "Chess.com"]
[Date "2018.12.04"]
[Round "8"]
[White "KRASAVCHIK2002"]
[Black "PchelkinVK"]
[Result "1-0"]
[WhiteElo "2391"]
[BlackElo "2567"]
[TimeControl "180+2"]
[EndTime "14:51:32 PST"]
[Termination "KRASAVCHIK2002 won on time"]

1. e4 e6 2. d4 d5 3. Nc3 Nf6 4. e5 Nfd7 5. f4 c5 6. Nf3 Nc6 7. Be3 cxd4 8. Nxd4 Bc5 9. Qd2 O-O 10. O-O-O a6 11. Kb1 Qc7 12. g3 Nxd4 13. Bxd4 b5 14. Bg2 Bb7 15. Rhe1 Rfc8 16. h4 b4 17. Ne2 a5 18. f5 a4 19. fxe6 fxe6 20. h5 a3 21.
b3 Nxe5 22. Bxc5 Qxc5 23. Nd4 Ng4 24. Nxe6 Qd6 25. Qg5 g6 26. hxg6 h6 27. Qxg4 1-0

[Event "*** Titled Tuesday Blitz"]
[Site "Chess.com"]
[Date "2018.12.04"]
[Round "8"]
[White "Hikaru"]
[Black "LyonBeast"]
[Result "0-1"]
[WhiteElo "3024"]
[BlackElo "2966"]
[TimeControl "180+2"]
[EndTime "14:51:34 PST"]
[Termination "LyonBeast won by resignation"]

1. d4 Nf6 2. c4 g6 3. Nc3 d5 4.
cxd5 Nxd5 5. e4 Nxc3 6. bxc3 Bg7 7. Bg5 c5 8. Rc1 O-O 9. d5 Nd7 10. c4 Nf6 11. Bd3 h6 12. Bd2 e5 13. Ne2 Ne8 14.
O-O Nd6 15. Bc3 Qe7 16. Qd2 f5 17. exf5 gxf5 18. f4 e4 19. Bxg7 Qxg7 20. Bb1 b6 21. a3 Bd7 22. Rc3 Kh7 23. Rd1 Rae8 24. Ba2 Re7 25.
Ng3 Ba4 26. Rdc1 Qd4+ 27. Qe3 Rg8 28. Kh1 Reg7 29. Rg1 Rg6 30. Ne2 Qg7 31. Qf2 Rg4 32. h3 Rg6 33. Kh2 Qf6 34. g3 h5 35. h4 Rg4 36. Rgc1 Nf7 37. Ng1 Nh6 38. Qe1 R4g7 39. Nh3 Ng4+ 40. Kg1 Qd4+ 41. Kh1 e3 42. Bb1 Nf2+ 43.
Nxf2 Rxg3 44. Bxf5+ Kh8 45. Ne4 Qxe4+ 0-1

[Event "*** Titled Tuesday Blitz"]
[Site "Chess.com"]
[Date "2018.12.04"]
[Round "8"]
[White "GMMatamoros"]
[Black "HanSchut"]
[Result "1-0"]
[WhiteElo "2525"]
[BlackElo "2308"]
[TimeControl "180+2"]
[EndTime "14:51:35 PST"]
[Termination "GMMatamoros won on time"]

1. Nf3 c5 2. c4 Nf6 3. Nc3 d5 4.
cxd5 Nxd5 5. e3 Nc6 6. Bb5 Nc7 7.
Bxc6+ bxc6 8. Qa4 Bd7 9. Ne5 Nd5 10. Nxd7 Qxd7 11. O-O Nb6 12. Qc2 c4 13. b3 cxb3 14.
axb3 e5 15. Ra5 f6 16. Rd1 Bb4 17. Ra1 O-O 18. Ba3 Bxa3 19. Rxa3 Rfd8 20. Ne4 Qd3 21. Qxd3 Rxd3 22. Kf1 Nc4 23. Ke2 Rxe3+ 24. dxe3 Nxa3 25.
Rd7 Nb5 26. Nc5 a5 27. g4 Ra7 28. Rd8+ Kf7 29. Rc8 1-0

[Event "*** Titled Tuesday Blitz"]
[Site "Chess.com"]
[Date "2018.12.04"]
[Round "8"]
[White "akretchetov"]
[Black "evgenyermolaev"]
[Result "0-1"]
[WhiteElo "2375"]
[BlackElo "2430"]
[TimeControl "180+2"]
[EndTime "14:51:46 PST"]
[Termination "evgenyermolaev won by resignation"]

1. Nf3 Nf6 2. c4 g6 3. Nc3 Bg7 4. e4 d6 5. d4 O-O 6. h3 c5 7. d5 e6 8. Bd3 exd5 9. exd5 Re8+ 10. Be3 Rxe3+ 11. fxe3 Qe7 12. Qe2 Nh5 13. Qf2 Nd7 14.
O-O Ne5 15. Nxe5 Bxe5 16. Rab1 Bd7 17. Ne2 a5 18. g4 Nf6 19. Ng3 Bxg4 20. hxg4 Nxg4 21.
Qg2 Nxe3 22. Qf3 Qh4 23. Qxe3 Bd4 24. Qxd4 Qxd4+ 25. Kg2 Qxd3 26. Rbe1 Qxc4 27. Ne4 Qxd5 28. Kg3 Kg7 29. Nf6 Qg5+ 30. Kh2 Qxf6 0-1

[Event "*** Titled Tuesday Blitz"]
[Site "Chess.com"]
[Date "2018.12.04"]
[Round "8"]
[White "m3alam"]
[Black "AdrianaNikolova"]
[Result "1-0"]
[WhiteElo "2181"]
[BlackElo "2350"]
[TimeControl "180+2"]
[EndTime "14:51:47 PST"]
[Termination "m3alam won by resignation"]

1. d4 Nf6 2. Nf3 e6 3. g3 c5 4. Bg2 Nc6 5. O-O cxd4 6. Nxd4 d5 7. c4 Bc5 8. Nxc6 bxc6 9. Qc2 Qe7 10. Bg5 Bd6 11. cxd5 O-O 12. dxc6 Rb8 13. Nc3 Ba6 14. Ne4 Be5 15. Rab1 Rfc8 16. Rfc1 h6 17. Nxf6+ Bxf6 18. Bxf6 Qxf6 19. b4 Qe5 20. a4 Qxe2 21. b5 Qxc2 22.
Rxc2 Rc7 23. Rd1 Bc8 24. Rd8+ Kh7 25. Be4+ g6 26. h4 Kg7 27. Rcd2 f5 28. Bf3 Kf6 29.
Rh8 a6 30. Rdd8 axb5 31. axb5 g5 32. Rxh6+ Kg7 33. hxg5 Rxb5 34. Rdh8 Rf7 35. Bh5 Rb1+ 36.
Kg2 1-0

[Event "*** Titled Tuesday Blitz"]
[Site "Chess.com"]
[Date "2018.12.04"]
[Round "8"]
[White "severomorskij"]
[Black "Bigfish1995"]
[Result "1-0"]
[WhiteElo "2770"]
[BlackElo "2988"]
[TimeControl "180+2"]
[EndTime "14:51:49 PST"]
[Termination "severomorskij won by resignation"]

1. d4 Nf6 2. Bg5 g6 3. Bxf6 exf6 4. c4 Bg7 5. Nc3 O-O 6. e3 f5 7. g3 d6 8. Bg2 Nd7 9. Nge2 Nf6 10. O-O Re8 11.
Qd3 h5 12. b4 h4 13. b5 hxg3 14. hxg3 Ng4 15. a4 Qg5 16. Nd5 Qd8 17. a5 Rb8 18.
Nb4 Bh6 19. Nf4 g5 20. Nfd5 Bd7 21. a6 c5 22. axb7 cxb4 23. Nxb4 f4 24. exf4 gxf4 25. Na6 fxg3 26. Qxg3 Rxb7 27. Bxb7 Qf6 28. Nc7 Bf4 29. Nd5 Bxg3 30. Nxf6+ Nxf6 31. fxg3 Nh5 32. Bd5 1-0

[Event "*** Titled Tuesday Blitz"]
[Site "Chess.com"]
[Date "2018.12.04"]
[Round "8"]
[White "KenanGarayev"]
[Black "Parhamov"]
[Result "1-0"]
[WhiteElo "2779"]
[BlackElo "2840"]
[TimeControl "180+2"]
[EndTime "14:51:53 PST"]
[Termination "KenanGarayev won by resignation"]

1. d4 e6 2. e4 d5 3. Nc3 Bb4 4. e5 c5 5. Bd2 Ne7 6. Nb5 Bxd2+ 7. Qxd2 O-O 8. f4 a6 9. Nd6 cxd4 10. Nf3 Nbc6 11. Bd3 f6 12. O-O b5 13. Qf2 h6 14.
Qh4 Ra7 15. Rae1 Rd7 16. Nxc8 Qxc8 17. exf6 Rxf6 18. Ne5 Nxe5 19. fxe5 Rxf1+ 20. Rxf1 Nc6 21. Qh5 Nb4 22. Bg6 Kh8 23. a3 Nc6 24. Bd3 Qg8 25.
g4 Rd8 26. Rf6 Qe8 27. Rxh6+ gxh6 28. Qxh6+ Kg8 29. Bh7+ Kf7 30. Bg6+ Ke7 31. Qg7+ 1-0

[Event "*** Titled Tuesday Blitz"]
[Site "Chess.com"]
[Date "2018.12.04"]
[Round "8"]
[White "Bad_left_hook"]
[Black "LawrenceTrent"]
[Result "0-1"]
[WhiteElo "2505"]
[BlackElo "2492"]
[TimeControl "180+2"]
[EndTime "14:51:59 PST"]
[Termination "LawrenceTrent won on time"]

1. d4 d5 2. c4 e5 3. dxe5 d4 4. Nf3 Nc6 5. h3 Bf5 6. a3 Qe7 7. Bf4 O-O-O 8. Nbd2 f6 9. exf6 Nxf6 10. Qb3 Nd7 11. Bg5 Qe8 12. O-O-O Nc5 13. Qa2 Be7 14.
Bxe7 Qxe7 15. Ne1 Rhf8 16. Ndf3 Na5 17. b4 Ncb3+ 18. Kb2 Nxc4+ 19. Kxb3 Qf7 20. Ng5 Qg8 21. e4 d3 0-1

[Event "*** Titled Tuesday Blitz"]
[Site "Chess.com"]
[Date "2018.12.04"]
[Round "8"]
[White "PawnEatingZombie"]
[Black "Vadim_Biliy"]
[Result "1-0"]
[WhiteElo "2210"]
[BlackElo "2131"]
[TimeControl "180+2"]
[EndTime "14:51:59 PST"]
[Termination "PawnEatingZombie won by resignation"]

1. d4 d5 2. c4 e6 3. Nc3 Nf6 4. cxd5 Nxd5 5. Nf3 c5 6. g3 cxd4 7. Nxd5 Qxd5 8. Qxd4 Qxd4 9. Nxd4 Bb4+ 10. Bd2 Bxd2+ 11. Kxd2 Bd7 12. Bg2 Nc6 13. Nxc6 Bxc6 14. Bxc6+ bxc6 15. Rhc1 Rb8 16. b3 Rb6 17. Rc4 Ke7 18. Rac1 Rd8+ 19.
Ke3 Rd6 20. g4 Ra6 21. R1c2 Kd7 22. h4 Rd5 23. f4 h5 24. g5 f6 25. gxf6 gxf6 26. Kf3 e5 27. f5 Kd6 28. e3 c5 29.
Rg2 Rd1 30. Rg6 Ke7 31. Rxc5 Rxa2 32. Rc7+ Kd6 33. Rh7 Kd5 34. Rd7+ Kc5 35. Rxd1 Rh2 36. Rxf6 Rxh4 37. Rh6 e4+ 38. Kg3 Rg4+ 39. Kh3 Rg5 40. Rf1 Kb4 41. f6 Rg8 42. f7 Rf8 43. Re6 1-0